 Dungeon Crawl Stone Soup version 0.30-a0-613-gdd512c7efb (webtiles) character file.

Game seed: 14634340806509948789

2842 wormed the Cudgeller (level 9, -4/47 HPs)
             Began as a Vine Stalker Fighter on Jan 9, 2023.
             Slain by a warg (8 damage)
             ... on level 8 of the Dungeon.
             The game lasted 00:07:42 (7472 turns).

wormed the Cudgeller (Vine Stalker Fighter)         Turns: 7472, Time: 00:07:42

Health: -4/47      AC:  9    Str: 23    XL:     9   Next: 74%
Magic:  0/10       EV: 11    Int:  8    God:
Gold:   315        SH:  6    Dex: 14    Spells: 8/8 levels left

rFire   . . .      SeeInvis .    a - +2 flail (protect)
rCold   + . .      Faith    .    c - +1 buckler
rNeg    . . .      Spirit   +    b - +0 scale mail
rPois   .          Reflect  .    x - +0 helmet
rElec   .          Harm     .    n - +0 cloak
rCorr   .          Rampage  .    (no gloves)
Will    +....                    (no boots) Stlth
                                 (no amulet)
HPRegen 1.07/turn                f - ring of protection from cold
MPRegen 0.12/turn                (no ring)

@: no status effects
A: fangs 3, regeneration 1, magic shield, antimagic bite, no potion heal 2
a: no special abilities


You were on level 8 of the Dungeon.
You visited 2 branches of the dungeon, and saw 9 of its levels.

You collected 315 gold pieces.

Inventory:

Hand Weapons
 a - a +2 flail of protection (weapon)
Missiles
 w - 15 poisoned darts
 y - 5 curare-tipped darts (quivered)
Armour
 b - a +0 scale mail (worn)
 c - a +1 buckler (worn)
 n - a +0 cloak (worn)
 x - a +0 helmet (worn)
Jewellery
 f - a ring of protection from cold (left hand)
 i - a ring of wizardry
 u - a ring of wizardry
 v - a ring of see invisible
Wands
 m - a wand of paralysis (10)
 z - a wand of flame (14)
 C - a wand of light (9)
 D - a wand of digging (7)
Scrolls
 e - 9 scrolls of identify
 j - a scroll of enchant armour
 k - a scroll of magic mapping {unknown}
 p - a scroll of amnesia
 s - a scroll of enchant weapon
 t - 2 scrolls of brand weapon
 A - a scroll of noise {unknown}
Potions
 d - 3 potions of might
 g - 3 potions of curing {unknown}
 h - 2 potions of flight {unknown}
 l - a potion of haste {unknown}
 o - 2 potions of degeneration {unknown}
 q - a potion of brilliance {unknown}
 r - 2 potions of magic {unknown}
 B - a potion of lignification


   Skills:
 + Level 5.5 Fighting
 * Level 7.1 Maces & Flails
 + Level 5.1 Armour
 + Level 4.2 Dodging
 + Level 5.5 Shields


You had 8 spell levels left.
You didn't know any spells.
Your spell library contained the following spells:

 Spells                   Type           Power      Damage    Failure   Level
 Cigotuvi's Dreadful Rot  Necr/Pois/Air  0%         N/A       90%         2
 Poisonous Vapours        Pois/Air       0%         N/A       90%         2
 Mephitic Cloud           Conj/Pois/Air  0%         N/A       99%         3
 Summon Forest            Summ/Tloc      0%         N/A       100%        5
 Eringya's Noxious Bog    Tmut/Pois      0%         N/A       100%        6
 Summon Hydra             Summ           0%         N/A       100%        7


Dungeon Overview and Level Annotations

Branches:
Dungeon (8/15)             Temple (1/1) D:7
   Lair: D:8-11

Altars:
Ashenzari
Cheibriados
Dithmenos
Elyvilon
Fedhas
Gozag
Hepliaklqana
Kikubaaqudgha
Makhleb
Nemelex Xobeh
Okawaru
Qazlal
Ru
Sif Muna
Trog
Uskayaw
Vehumet
Wu Jian
Xom
Yredelemnul
Zin
The Shining One

Shops:
D:3 ?

Annotations:
D:5 2 transporters, acebull12's ghost, novice DsNe


Innate Abilities, Weirdness & Mutations

You have razor-sharp teeth.
Your natural rate of healing is unusually fast.
When hurt, damage is shared between your health and your magic reserves.
Your bite disrupts and absorbs the magic of your enemies.
Potions cannot restore your health.


Message History

You see here a +0 buckler.
D - a wand of digging (7)
You see here a +0 buckler.
A warg and an orc priest come into view.
The orc priest shouts!
You hear a howl!
You hear a shout!
An orc comes into view. It is wielding a +0 hand axe.
A warg comes into view.
The warg moves out of view.
There are monsters nearby!
There are monsters nearby!
There are monsters nearby!
An orc priest comes into view. It is wielding a +0 falchion.
An orc comes into view. It is wielding a +0 club.
The orc priest invokes the aid of Beogh against you.
Beogh smites you!
The orc priest invokes the aid of Beogh against you.
Beogh smites you!
An orc priest comes into view. It is wielding a +0 whip.
The warg pauses to sniff the ground.
An orc wizard comes into view. It is wielding a +0 dagger.
The warg attacks as you move away! The warg closely misses you.
The orc priest invokes the aid of Beogh against you.
Beogh smites you!
* * * LOW HITPOINT WARNING * * *
The warg bites you!
* * * LOW HITPOINT WARNING * * *
You hear a shout!
The warg attacks as you move away! The warg bites you but does no damage.
The orc priest mumbles some strange prayers to Beogh against you.
You resist with significant effort. You block the warg's attack.
The orc priest mumbles some strange prayers to Beogh against you.
Pain shoots through your body!
* * * LOW HITPOINT WARNING * * *
The warg attacks as you move away! The warg bites you.
* * * LOW HITPOINT WARNING * * *
The warg bites you.
* * * LOW HITPOINT WARNING * * *
You see here a +0 buckler.
The warg attacks as you move away! The warg bites you!
You die...

#..........#....###
#..........#.......
#..##..##..#.......
#..##o.##..#.......
#....o.....#.......
#...h......'.......
#..........#.......
#.h##..#####.......
#.@##..##[.#.......
#...#......#.......
#...#......#.......
#...#......#.......
#...#......#.......
#...#......#
#...#......#
#...#..##..#
#...#..##..#


You could see 2 wargs, an orc priest and an orc.

Vanquished Creatures
  Grinder (D:6)
  A water moccasin (D:7)
  Duvessa (D:6)
  A black bear (D:6)
  3 ice beasts
  A sky beast (D:7)
  A centaur (D:7)
  A phantom (D:5)
  3 kobold brigands
  A bullfrog (D:7)
  A scorpion (D:4)
  4 wights (D:5)
  Dowan (D:6)
  4 killer bees (D:7)
  3 howler monkeys
  6 hounds
  5 jellies
  3 orc priests
  A gnoll bouda (D:7)
  4 iguanas
  3 orc wizards
  11 gnolls
  9 adders
  A shadow imp (D:6)
  A white imp (D:7)
  An ufetubus (D:7)
  2 worms
  3 dart slugs
  13 orcs
  7 endoplasms
  6 giant cockroaches
  6 goblins
  6 hobgoblins
  7 jackals
  2 quokkas (D:4)
  12 ball pythons
  7 bats
  3 frilled lizards (D:2)
  24 kobolds
  6 rats
176 creatures vanquished.

Vanquished Creatures (others)
  5 plants (D:2)
5 creatures vanquished.

Grand Total: 181 creatures vanquished

Notes
Turn   | Place    | Note
-------+----------+-------------------------------------------
     0 | D:1      | wormed the Vine Stalker Fighter began the quest for the
                  | Orb.
     0 | D:1      | Reached XP level 1. HP: 11/11 MP: 2/2
   155 | D:1      | Reached skill level 2 in Maces & Flails
   213 | D:1      | Reached XP level 2. HP: 16/16 MP: 3/3
   768 | D:1      | Reached XP level 3. HP: 15/19 MP: 4/4
  1280 | D:2      | Gained mutation: Your natural rate of healing is unusually
                  | fast. [Vine Stalker growth]
  1280 | D:2      | Reached XP level 4. HP: 24/24 MP: 5/5
  1316 | D:2      | Reached skill level 1 in Dodging
  1771 | D:3      | Found Urutath's Magic Scroll Boutique.
  1898 | D:3      | Reached skill level 3 in Maces & Flails
  1898 | D:3      | Reached XP level 5. HP: 28/28 MP: 6/6
  2559 | D:4      | Reached XP level 6. HP: 10/32 MP: 0/7
  2895 | D:4      | Reached skill level 4 in Maces & Flails
  2895 | D:4      | Reached XP level 7. HP: 37/37 MP: 6/8
  2994 | D:4      | You fall into a shaft and drop 1 floor!
  2994 | D:5      | Entered Level 5 of the Dungeon
  3402 | D:5      | Noticed acebull12's ghost (novice DsNe)
  3403 | D:5      | Found a transporter.
  3647 | D:5      | Found a transporter.
  3856 | D:5      | Gained mutation: You have razor-sharp teeth. [Vine Stalker
                  | growth]
  3856 | D:5      | Reached XP level 8. HP: 15/42 MP: 2/9
  3933 | D:5      | Reached skill level 5 in Maces & Flails
  4122 | D:5      | Found an ancient bone altar of Kikubaaqudgha.
  4752 | D:6      | Noticed Duvessa
  4752 | D:6      | Noticed Dowan
  4761 | D:6      | Killed Duvessa
  4768 | D:6      | Killed Dowan
  5048 | D:6      | Noticed Grinder
  5065 | D:6      | Killed Grinder
  5066 | D:6      | Reached skill level 6 in Maces & Flails
  5066 | D:6      | Reached XP level 9. HP: 37/46 MP: 6/10
  5137 | D:6      | Reached skill level 5 in Shields
  5238 | D:6      | Reached skill level 5 in Fighting
  6381 | D:7      | Reached skill level 5 in Armour
  6469 | D:7      | Found a staircase to the Ecumenical Temple.
  6484 | D:7      | Found a burning altar of Makhleb.
  6489 | D:7      | Found an opulent altar of Gozag.
  6490 | D:7      | Found a bloodstained altar of Trog.
  6492 | D:7      | Found a radiant altar of Vehumet.
  6498 | D:7      | Reached skill level 7 in Maces & Flails
  6525 | D:7      | Found a sacrificial altar of Ru.
  6526 | D:7      | Found an iron altar of Okawaru.
  6995 | Temple   | Entered the Ecumenical Temple
  7462 | D:8      | HP: 2/47 [warg (10)]
  7469 | D:8      | HP: 2/47 [warg (3)]
  7472 | D:8      | Slain by a warg

Illustrated notes

Levels and vault maps discovered:
D:1:      roderic_octagonal_star, layout_basic
D:2:      layout_loops_ring, serial_forest, infiniplex_forest_clump_large,
          infiniplex_forest_lined_2, infiniplex_forest_clump_diagonal,
          infiniplex_forest_pool, infiniplex_forest_lined_4_way,
          infiniplex_forest_straight_3, infiniplex_forest_lined_3_way,
          infiniplex_forest_straight_3, grunt_ministairs_6
D:3:      layout_basic, serial_shops, nicolae_shop_hallway_plus
D:4:      minmay_chambers_of_threes, layout_basic,
          hangedman_abyss_or_decor_jellyfish_corner
D:5:      layout_loops_corners, kennysheep_mini, gammafunk_ghost_arena
D:6:      layout_basic, uniq_duvessa, uniq_grinder
D:7:      layout_basic, grunt_temple_overflow_open,
          minmay_temple_entry_antechambers
D:8:      layout_gridville, erik_lair_orcish_takeover, ebering_ghost_inner_flame
Temple:   regret_index_temple_generic_petals

Skill      XL: |  1  2  3  4  5  6  7  8  9 |
---------------+----------------------------+-----
Maces & Flails | 2 3 4 6 7 |  7.1
Fighting       | 3 4 5 |  5.5
Shields        | 3 4 5 |  5.5
Dodging        | 1 2 3 4 |  4.2
Armour         | 3 4 5 |  5.1

Action                   |  1- 3 |  4- 6 |  7- 9 || total
-------------------------+-------+-------+-------++-------
Melee: Flail             |    85 |   159 |   321 ||   565
       Bite              |    19 |    30 |    88 ||   137
Throw: Dart              |       |       |     2 ||     2
  Use: Scroll            |     1 |     8 |     4 ||    13
       Potion            |       |     1 |       ||     1
Armor: Scale mail        |    38 |    76 |   174 ||   288
       Skin              |       |     5 |       ||     5
Dodge: Dodged            |    45 |    75 |   153 ||   273
Block: Buckler           |    20 |    47 |    93 ||   160

Table legend: (Time is in decaauts)
 A = Elapsed time spent in this place.
 B = Non-inter-level travel time spent in this place.
 C = Inter-level travel time spent in this place.
 D = Time resting spent in this place.
 E = Time spent auto-exploring this place.
 F = Levels seen in this place.
 G = Mean time per level.
                   A        B        C        D        E       F      G
               +--------+--------+--------+--------+--------+-----+--------+
         Total |   7605 |   7069 |    536 |      0 |   5766 |   9 |  845.0 |
       Dungeon |   7424 |   6901 |    523 |      0 |   5605 |   8 |  928.0 |
        Temple |    180 |    167 |     13 |      0 |    161 |   1 |  180.0 |
               +--------+--------+--------+--------+--------+-----+--------+

Top non-repeatable levels by time:
     D:7: 1404 daAuts
     D:6: 1184 daAuts
     D:1: 1090 daAuts
     D:5: 1071 daAuts
     D:4: 943 daAuts
     D:2: 882 daAuts
     D:3: 710 daAuts
  Temple: 180 daAuts
     D:8: 137 daAuts
